Map: Frost LE

Players

Borningownz

  • Race: Terran Terran

llllllllllll - Winner!

  • Race: Protoss Protoss
  • League: Diamond

VOD

Have the link to the VOD?

Description

Time

  • Played on: July 23, 2016, 2:25 p.m.
  • Length: 22:18
Show
View Real Time Build Order
Export as new Build Order

Borningownz Terran 

Build Orders: Reaper Expand, MMM Bio 

Get SALT Encoding   

  12  0:01  SCV  
  13  0:13  SCV  
  14  0:17  Supply Depot  
  14  0:25  SCV  
  15  0:39  SCV  
  15  0:40  Barracks  
  16  0:49  Refinery  
  16  0:51  SCV  
  17  1:03  SCV  
  18  1:15  SCV  
  19  1:30  Supply Depot  
  19  1:32  Orbital Command  
  19  1:34  Reaper  
  20  1:58  Command Center  
  20  2:02  SCV  
  21  2:11  Barracks Reactor  
  21  2:21  SCV  
  22  2:27  Refinery  
  22  2:28  Factory  
  22  2:35  SCV  
  22  2:47  SCV  
  23  2:51  Supply Depot  
  23  2:52  Marine x2  
  25  2:59  SCV  
  26  3:11  SCV  
  27  3:15  Orbital Command  
  27  3:16  Starport  
  27  3:22  Engineering Bay  
  27  3:23  SCV  
  27  3:26  Hellion  
  30  3:29  Barracks Tech Lab  
  30  3:34  Supply Depot  
  30  3:36  Orbital Command, SCV  
  33  3:41  Hellion  
  33  3:49  Missile Turret  
  33  3:58  Marine  
  33  4:00  Stimpack  
  34  4:09  Widow Mine x2  
  36  4:10  SCV  
  39  4:18  SCV  
  39  4:22  SCV  
  38  4:24  Medivac  
  41  4:30  SCV  
  44  4:35  Terran Infantry Weapons Level 1  
  44  4:39  Engineering Bay  
  44  4:50  Marine  
  44  4:51  Widow Mine  
  44  4:52  Widow Mine  
  49  4:55  Barracks  
  50  5:00  SCV x2  
  51  5:08  Marine  
  51  5:12  SCV x2  
  54  5:20  Barracks  
  54  5:21  Barracks  
  54  5:22  Barracks  
  54  5:26  Marauder  
  56  5:28  SCV x2  
  58  5:40  SCV  
  58  5:41  SCV  
  60  5:47  Marine  
  60  5:49  Supply Depot, Command Center, Bunker  
  61  5:56  SCV  
  62  6:00  Barracks Reactor  
  62  6:01  Supply Depot  
  62  6:02  Supply Depot  
  62  6:09  SCV  
  62  6:10  Marine, SCV  
  61  6:21  SCV  
  61  6:22  SCV  
  61  6:24  Supply Depot  
  63  6:26  Supply Depot  
  63  6:28  Marine  
  63  6:31  Refinery  
  63  6:32  Refinery, Terran Infantry Armor Level 1  
  64  6:33  SCV  
  64  6:35  Barracks Reactor x2  
  64  6:36  Barracks Tech Lab  
  64  6:39  Marine x2  
  67  6:42  Hellion x2  
  67  6:45  Marine  
  72  6:55  SCV x2  
  72  6:57  Marine  
  72  7:01  Marine x2  
  77  7:04  Marauder  
  77  7:07  SCV, Combat Shields  
  80  7:08  Concussive Shells  
  80  7:16  Armory  
  80  7:21  Marine x2  
  80  7:22  Marine x2  
  86  7:23  Marauder, Widow Mine  
  86  7:25  Marauder  
  86  7:26  Missile Turret  
  90  7:30  SCV  
  90  7:31  SCV  
  90  7:35  Medivac x2  
  90  7:37  Barracks Reactor  
  96  7:39  Marine x2  
  96  7:40  Marine  
  96  7:41  Starport  
  96  7:43  SCV  
  100  7:52  SCV  
  100  7:53  Orbital Command  
  100  7:55  SCV  
  102  8:04  Marine x4, SCV  
  102  8:05  Marauder x2  
  111  8:06  Widow Mine x2  
  111  8:07  SCV  
  116  8:16  SCV  
  116  8:19  SCV  
  114  8:26  Marauder  
  112  8:27  SCV  
  112  8:28  Marine x3, SCV  
  112  8:30  Terran Infantry Weapons Level 2, Terran Infantry Armor Level 2  
  117  8:37  Supply Depot  
  117  8:39  Supply Depot  
  117  8:44  Marine  
  117  8:58  Widow Mine x2  
  117  8:59  Marine x2, SCV x2  
  117  9:00  Marine x4, SCV  
  117  9:01  Marauder  
  132  9:10  Supply Depot x2  
  132  9:11  Supply Depot  
  132  9:28  Medivac x2, Marauder x2  
  132  9:29  SCV x2  
  132  9:30  SCV  
  133  9:31  Marine x6, Widow Mine  
  133  9:32  Widow Mine  
  133  9:35  Supply Depot  
  133  9:36  Supply Depot  
  143  9:38  Supply Depot  
  143  9:39  Supply Depot  
  143  9:40  Supply Depot  
  143  9:41  SCV  
  144  9:49  Marine x2  
  144  9:50  Marauder x2  
  144  9:51  Command Center  
  149  10:11  Marine x5  
  149  10:12  Marine, Marauder x2  
  149  10:13  Viking x2  
  152  10:15  Starport Reactor  
  152  10:18  Supply Depot, SCV x3  
  155  10:28  Refinery  
  155  10:29  Refinery, Marine x6  
  155  10:30  SCV  
  155  10:31  Missile Turret  
  155  10:32  Barracks, Missile Turret  
  155  10:33  Barracks  
  155  10:34  Marauder  
  164  10:38  Sensor Tower  
  164  10:43  Marine  
  164  10:46  Marine  
  164  10:47  Marine x2  
  167  10:55  Marine x4  
  171  11:01  Marine  
  172  11:09  Marine x3  
  172  11:11  Viking x3  
  174  11:13  Marine x2  
  174  11:14  Marauder  
  174  11:17  SCV x2  
  174  11:18  Marine  
  177  11:19  Marauder  
  177  11:27  Marine x2  
  177  11:31  Marine x3  
  161  11:35  Marauder  
  161  11:36  Marine  
  137  11:41  Marauder  
  137  11:45  Marine x2  
  123  11:48  Marine x2  
  123  11:49  Marine  
  123  11:54  Marine  
  118  11:56  Marauder  
  113  12:02  Marine, Marauder  
  113  12:03  Marine  
  113  12:06  Marine x3  
  114  12:11  Marine  
  105  12:18  Marauder  
  105  12:20  Marine x2  
  105  12:21  Liberator  
  109  12:23  Marine  
  109  12:24  Marine x3  
  113  12:33  SCV x2  
  113  12:36  Marine  
  116  12:38  Marine x2  
  116  12:39  Marine  
  122  12:49  Marine  
  122  12:50  Marine x2  
  123  12:52  Marine  
  123  12:53  SCV x2  
  123  12:54  Orbital Command  
  123  12:57  Marine x2, SCV  
  129  12:59  Terran Infantry Weapons Level 3  
  129  13:05  SCV  
  123  13:14  Marine x3  
  123  13:15  Marine x3  
  123  13:16  Marauder  
  128  13:22  Medivac x2  
  128  13:23  Medivac  
  128  13:24  Marine  
  135  13:32  Marine x2  
  135  13:33  Marauder  
  139  13:40  Medivac, Marine x4  
  145  13:52  Medivac  
  145  13:55  Marauder  
  149  13:59  Marauder  
  149  14:00  Marine x2  
  149  14:01  Marine x3  
  156  14:06  Marine, Widow Mine  
  156  14:07  Widow Mine  
  156  14:08  SCV x3  
  160  14:16  Marauder  
  160  14:18  Marine x3  
  160  14:19  Marine x2  
  160  14:20  Marauder  
  167  14:27  Marine  
  167  14:29  SCV x2  
  167  14:30  SCV x2  
  139  14:33  Liberator  
  139  14:34  Liberator x2  
  139  14:36  Marine x4  
  139  14:37  Marauder  
  137  14:41  Marine  
  137  14:42  Marauder  
  137  14:45  Marine  
  119  14:51  Liberator  
  104  14:54  Marine x4  
  104  14:59  Marine, Marauder  
  108  15:03  Marine, Marauder  
  111  15:11  Marine  
  111  15:12  Marine x3  
  118  15:16  Liberator  
  118  15:17  Barracks, Marine  
  118  15:18  Barracks  
  118  15:20  Marauder  
  118  15:21  Liberator, Marine  
  122  15:22  Liberator  
  122  15:24  Marine  
  123  15:29  Marine x2  
  123  15:30  Marine x2  
  123  15:33  Widow Mine x2  
  123  15:35  Marine  
  135  15:38  Marine  
  135  15:42  Marauder x2  
  146  15:47  Marine x3  
  146  15:48  Marine  
  150  15:53  Marine  
  150  15:56  Marine  
  152  15:59  Orbital Command  
  152  16:02  Marine  
  152  16:03  Marine  
  154  16:05  Marine x4, Widow Mine x2  
  154  16:10  Marine, Barracks Reactor  
  163  16:14  Marine  
  164  16:20  Marine  
  164  16:23  Barracks Tech Lab  
  165  16:39  Marine  
  165  16:40  Marine x4  
  165  16:41  Widow Mine, Marauder  
  165  16:44  Marine x2  
  165  16:45  Marauder  
  140  17:16  Marine x6  
  140  17:17  Marine x4  
  140  17:18  Marauder  
  150  17:35  Marauder x2  
  154  17:39  Marine x7  
  154  17:40  Marauder  
  157  17:57  Marauder  
  159  18:16  Liberator  
  158  18:30  Marine x3  
  158  18:31  Marine x5  
  158  18:32  Widow Mine x2, Marauder x3  
  148  19:03  Marine x5  
  148  19:04  Marine x2, Marauder x2  
  137  19:22  Marine  
  137  19:23  Marine x5  
  125  20:05  Marine x3  
  125  20:06  Marauder  
  130  20:17  Marine x6  
  130  20:18  Marauder  
  138  20:27  Marauder  
  136  20:31  Marine x3, Orbital Command  
  136  20:35  Marine  
  134  20:36  Marauder  
  134  20:37  Marine  
  134  20:38  Marine x2  
  134  20:40  Marauder  
  125  20:49  Marauder  
  111  20:52  Marine x4  
  114  21:02  Marine  
  88  21:14  Marine x2  
  88  21:15  Marine  
  88  21:18  Marine  
  86  21:20  Marine  
  77  21:40  Marine x2  
  77  21:41  Marine x3  
  77  21:43  Marine  
  75  21:56  Marine  
  75  21:58  Marine x2  
Show
View Real Time Build Order
Export as new Build Order

llllllllllll Protoss - Winner!

Build Orders: Colossus Rush 

Get SALT Encoding   

  12  0:01  Probe (Chrono Boost)  
  13  0:12  Probe (Chrono Boost)  
  14  0:22  Probe (Chrono Boost)  
  14  0:24  Pylon  
  16  0:42  Probe (Chrono Boost)  
  16  0:44  Gateway  
  16  0:53  Probe (Chrono Boost), Assimilator  
  17  0:57  Assimilator  
  17  1:04  Probe (Chrono Boost)  
  18  1:14  Probe (Chrono Boost)  
  18  1:15  Pylon  
  19  1:25  Probe (Chrono Boost)  
  20  1:32  Cybernetics Core  
  20  1:35  Probe (Chrono Boost)  
  21  1:46  Probe (Chrono Boost)  
  22  1:56  Probe (Chrono Boost)  
  23  2:13  Nexus  
  23  2:19  Mothership Core (Chrono Boost)  
  25  2:41  Probe (Chrono Boost)  
  26  2:45  Stalker  
  26  2:50  Robotics Facility  
  28  2:59  Probe (Chrono Boost)  
  29  3:10  Probe (Chrono Boost)  
  30  3:20  Nexus  
  30  3:24  Probe (Chrono Boost)  
  30  3:26  Probe (Chrono Boost)  
  32  3:32  Pylon  
  32  3:36  Probe (Chrono Boost)  
  32  3:38  Probe (Chrono Boost)  
  34  3:50  Robotics Bay  
  34  3:54  Probe (Chrono Boost)  
  34  3:55  Probe (Chrono Boost)  
  36  4:08  Stalker  
  38  4:14  Observer  
  39  4:20  Pylon, Probe x2 (Chrono Boost)  
  41  4:31  Pylon  
  41  4:32  Probe (Chrono Boost)  
  41  4:36  Pylon  
  41  4:37  Colossus  
  48  4:42  Probe (Chrono Boost)  
  49  4:58  Stalker  
  51  5:04  Pylon  
  51  5:12  Assimilator  
  51  5:13  Probe (Chrono Boost)  
  52  5:14  Assimilator  
  52  5:19  Probe (Chrono Boost)  
  53  5:24  Probe (Chrono Boost), Forge  
  53  5:28  Pylon x2, Stalker  
  54  5:30  Probe (Chrono Boost)  
  54  5:33  Probe (Chrono Boost)  
  54  5:35  Probe (Chrono Boost)  
  59  5:40  Probe (Chrono Boost)  
  60  5:43  Probe (Chrono Boost)  
  60  5:45  Probe (Chrono Boost), Colossus  
  68  5:51  Probe (Chrono Boost)  
  68  5:54  Probe (Chrono Boost)  
  68  5:56  Probe (Chrono Boost)  
  71  6:06  Probe (Chrono Boost)  
  71  6:07  Assimilator  
  72  6:11  Assimilator  
  72  6:17  Probe (Chrono Boost)  
  69  6:22  Photon Cannon  
  69  6:23  Probe (Chrono Boost)  
  69  6:24  Probe (Chrono Boost)  
  71  6:25  Photon Cannon  
  71  6:27  Probe (Chrono Boost)  
  71  6:31  Photon Cannon  
  72  6:33  Photon Cannon  
  72  6:34  Probe (Chrono Boost)  
  72  6:35  Probe (Chrono Boost)  
  72  6:38  Probe (Chrono Boost)  
  75  6:40  Colossus  
  75  6:45  Pylon, Probe (Chrono Boost)  
  77  6:47  Probe (Chrono Boost)  
  77  6:48  Probe (Chrono Boost)  
  84  6:55  Pylon  
  84  6:59  Probe (Chrono Boost), Twilight Council  
  85  7:07  Probe (Chrono Boost)  
  86  7:09  Probe (Chrono Boost)  
  86  7:12  Pylon  
  87  7:18  Warp Gate  
  87  7:19  Probe (Chrono Boost)  
  87  7:20  Probe (Chrono Boost)  
  89  7:30  Probe (Chrono Boost)  
  89  7:33  Gateway  
  89  7:35  Gateway  
  89  7:36  Gateway  
  90  7:38  Gateway, Templar Archives  
  90  7:41  Probe x2 (Chrono Boost)  
  92  7:44  Colossus  
  92  7:46  Stalker  
  100  7:51  Probe x2 (Chrono Boost)  
  102  7:59  Photon Cannon  
  102  8:00  Photon Cannon  
  102  8:02  Probe (Chrono Boost)  
  102  8:03  Photon Cannon  
  103  8:08  Psionic Storm  
  104  8:13  Probe (Chrono Boost)  
  99  8:23  Probe (Chrono Boost)  
  99  8:24  Probe (Chrono Boost)  
  99  8:26  Probe (Chrono Boost)  
  100  8:31  Stalker x5  
  110  8:35  Probe (Chrono Boost)  
  110  8:38  Probe (Chrono Boost)  
  112  8:41  Pylon  
  112  8:43  Pylon  
  112  8:51  Colossus  
  112  8:55  Probe (Chrono Boost)  
  119  8:58  Probe (Chrono Boost)  
  120  9:04  Pylon  
  120  9:05  Probe (Chrono Boost)  
  121  9:14  Gateway  
  121  9:37  High Templar x3  
  121  9:38  High Templar x2  
  131  9:51  Nexus  
  131  9:52  Pylon  
  122  10:19  High Templar  
  122  10:20  High Templar x2  
  122  10:21  Stalker x2  
  132  10:22  Nexus  
  132  10:33  Assimilator  
  132  10:35  Assimilator  
  132  10:41  Gateway  
  132  10:43  Gateway  
  132  10:46  Gateway  
  132  10:47  Stalker x2  
  132  10:48  Gateway  
  136  11:18  Stalker x5  
  142  11:21  Observer  
  147  11:31  Archon x3  
  104  11:45  Stalker x4  
  104  11:46  Stalker  
  94  12:09  High Templar x3  
  94  12:10  High Templar x3  
  96  12:21  Stalker x3  
  100  12:25  Probe (Chrono Boost)  
  100  12:26  Colossus  
  107  12:36  Probe (Chrono Boost)  
  108  12:54  Stalker x2  
  108  12:55  Stalker x3  
  108  12:56  Stalker x3  
  108  12:57  Stalker  
  126  13:05  Mothership Core (Chrono Boost)  
  128  13:07  Nexus  
  128  13:08  Pylon  
  119  13:20  Colossus  
  119  13:21  Probe (Chrono Boost)  
  119  13:22  Probe (Chrono Boost)  
  119  13:23  Probe (Chrono Boost), Stalker x4  
  119  13:24  High Templar x3  
  119  13:26  Stalker x2  
  146  13:33  Probe (Chrono Boost)  
  147  13:38  Pylon  
  147  13:44  Probe (Chrono Boost)  
  141  13:54  Probe (Chrono Boost)  
  142  14:03  Stalker x4  
  142  14:04  Stalker x5  
  142  14:05  Probe (Chrono Boost)  
  132  15:06  Stalker x2  
  132  15:07  Stalker x6  
  140  15:12  Probe (Chrono Boost)  
  140  15:13  Pylon  
  149  15:15  Pylon  
  149  15:18  Mothership Core (Chrono Boost)  
  157  15:23  Probe (Chrono Boost)  
  152  15:31  Stargate  
  152  15:33  Probe (Chrono Boost)  
  152  15:34  Stargate  
  153  15:37  Stargate x2  
  153  15:39  Stargate  
  153  15:41  Stargate  
  153  15:44  Probe (Chrono Boost)  
  154  15:53  Assimilator x2  
  154  16:18  Fleet Beacon  
  154  16:23  Probe (Chrono Boost)  
  155  16:34  Nexus, Probe (Chrono Boost)  
  155  16:36  Pylon  
  155  16:37  Pylon  
  154  17:14  Tempest x3  
  154  17:15  Tempest x3  
  174  17:57  Tempest x4  
  174  17:58  Tempest  
  194  18:09  Tempest  
  185  19:14  Tempest  
  185  19:15  Tempest x4  
  176  19:55  Pylon x2  
  176  19:57  Pylon  
  171  20:00  Pylon  
  171  20:01  Pylon  
  171  20:02  Pylon  
  171  20:05  Pylon  
  171  20:06  Pylon  
  171  20:08  Pylon  
  171  20:09  Pylon  
  171  20:10  Pylon  
  171  20:12  Pylon  
  171  20:13  Pylon  
  171  20:14  Pylon  
  171  20:15  Pylon  
  146  21:03  Archon  
  136  21:16  Tempest  
  136  21:17  Tempest  
  140  21:26  Nexus  
Tags
 
Composition
MMM Bio
League
Diamond
Matchup
PvT
Add a new tag
Caveats
  • Supply blocks, unpowered buildings, or Contaminate may cause inaccurate times.
  • Supply counts are checked every 10 seconds.